cohdb
Replays
Latest Replays
All Replays
Popular Replays
Top Player Replays
Match Explorer
How It Works
Community
CoH3 Stats
Reddit
Sign in to upload your games and track your stats! →
Sign in with Steam
Match 47279952
Unlisted
Match 47279952
Overview
Messages
Build Orders
End
Pioneer Squad
Construct Infanterie Kompanie
Grenadier Squad
Grenadier Squad
MG 42 Machine Gun Team
Construct Panzergrenadier Kompanie
251 Medium Carrier
Panzergrenadier Squad
Panzergrenadier Officer Quarters
Pak 40 Anti-tank Gun Team
Panzergrenadier Squad
Medical Station
Selects Mechanized Battlegroup
Selects Raid Package
Selects 8 Rad Armored Car
8 Rad Armored Car
Construct Panzer Kompanie
Stoßtruppen Squad
Panzer IV Medium Tank
Selects Mobile Repair Stations
Selects Stoßtruppen Assault Package
Selects Mechanized Assault
Panzer IV Medium Tank
Mechanized Assault
Selects UNKNOWN (2160084)
Panzer IV Medium Tank
Mechanized Assault
MG 42 Machine Gun Team
Panzer IV Medium Tank
HulkSMASH
Akkerman
0
0
Comments
sign in to comment!
No comments posted yet!